 Dungeon Crawl Stone Soup version 0.30-a0-364-gf6b3ef1049 (webtiles) character file.

Game seed: 7707974032030781966

305 Elric the Cudgeller (level 6, 0/51 HPs)
             Began as a Draconian Berserker on Nov 14, 2022.
             Was a Believer of Trog.
             Succumbed to a scorpion's poison
             ... on level 4 of the Dungeon.
             The game lasted 00:04:13 (3161 turns).

Elric the Cudgeller (Draconian Berserker)           Turns: 3161, Time: 00:04:14

Health: 0/51       AC:  7    Str: 21    XL:     6   Next: 15%
Magic:  15/15      EV: 10    Int:  8    God:    Trog [**....]
Gold:   132        SH:  6    Dex: 10    Spells: 5/5 levels left

rFire   . . .      SeeInvis .    b - +1 whip
rCold   . . .      Faith    .    r - +0 kite shield
rNeg    + . .      Spirit   .    (body armour unavailable)
rPois   .          Reflect  .    (helmet restricted)
rElec   .          Harm     .    (no cloak)
rCorr   .          Rampage  .    h - +0 pair of gloves
Will    .....                    (no boots)
Stlth   +.........               (no amulet)
HPRegen 0.28/turn                g - ring of magical power
MPRegen 0.14/turn                i - ring of positive energy

@: lethally poisoned (0 -> -10), attractive
A: AC +6, unfitting armour, cold-blooded
a: Renounce Religion, Berserk, Trog's Hand


You were on level 4 of the Dungeon.
You worshipped Trog.
Trog was pleased with you.
You visited 1 branch of the dungeon, and saw 4 of its levels.

You collected 132 gold pieces.

Inventory:

Hand Weapons
 a - a +0 mace
 b - a +1 whip (weapon)
Armour
 h - a +0 pair of gloves (worn)
 r - a +0 kite shield (worn)
Jewellery
 g - a ring of magical power (left hand)
 i - a ring of positive energy (right hand)
Wands
 s - a wand of acid (7)
Scrolls
 f - 3 scrolls of vulnerability
 m - 2 scrolls of noise
 o - 2 scrolls of teleportation
 t - a scroll of fear {unknown}
Potions
 c - 3 potions of invisibility
 d - a potion of brilliance {unknown}
 e - a potion of flight {unknown}
 j - 2 potions of degeneration {unknown}
 k - a potion of ambrosia {unknown}
 l - 3 potions of attraction
 n - a potion of heal wounds {unknown}
 p - a potion of resistance {unknown}
 q - a potion of magic {unknown}


   Skills:
 - Level 3.3 Fighting
 + Level 6.9 Maces & Flails
 - Level 2.7 Dodging


You had 5 spell levels left.
You didn't know any spells.
Your spell library was empty.

Dungeon Overview and Level Annotations

Branches:
Dungeon (4/15)
 Temple: D:4-7

Altars:
Trog

Shops:
D:2 [


Innate Abilities, Weirdness & Mutations

Your plain brown scales are hard. (AC +6)
You cannot fit into any form of body armour.
You are cold-blooded and may be slowed by cold attacks.


Message History

You feel sick. The scorpion stings you. The giant cockroach closely misses you.
You feel sick.
You feel sick.
You are no longer poisoned.
The scorpion closely misses you. The scorpion stings you.
You are too injured to fight recklessly!
You are too injured to fight recklessly!
You are too injured to fight recklessly!
You hit the scorpion.
Your tail-slap misses the scorpion.
The scorpion is moderately wounded.
The scorpion stings you but does no damage.
You hit the scorpion.
The scorpion is heavily wounded.
You block the scorpion's attack.
You hit the scorpion.
The scorpion is severely wounded.
The scorpion stings you.
You are poisoned.
The scorpion poisons you!
You barely miss the scorpion. You tail-slap the scorpion.
The scorpion is almost dead.
You feel sick. The scorpion closely misses you. The scorpion stings you.
* * * LOW HITPOINT WARNING * * *
You are lethally poisoned!
The scorpion poisons you!
You barely miss the scorpion.
The scorpion is almost dead.
* * * LOW HITPOINT WARNING * * *
You feel very sick. You block the scorpion's attack.
You hit the scorpion.
You kill the scorpion!
Trog accepts your kill.
* * * LOW HITPOINT WARNING * * *
You feel very sick.
You have reached level 6!
Your scales feel tougher.
It was a potion of attraction.
You feel attractive to monsters.
You die...

..#
............<..
..# #.
............. ..#
#.# # #...........
....#. #..........
###. ##..........
≈~.# #...##......
#..##
##..####....#
#...# ##..##
##...## ##
#@###..## ##....#
.## #B##.w##
##.....## ..#
.###.w..##
##..###..# ..#
...........#
##..## ##.# ..#
..##.......###..##
#.# ..#
#.............#
#.# .##
.............###
##.# ##
.............##
#..# #
...........###
#..#


You could see a dart slug and a giant cockroach.

Vanquished Creatures
  3 scorpions (D:4)
  5 adders
  3 worms
  3 dart slugs
  2 orcs (D:4)
  8 bats
  7 endoplasms
  3 giant cockroaches
  5 hobgoblins
  2 jackals (D:1)
  5 quokkas
  4 ball pythons
  5 frilled lizards
  5 goblins
  4 kobolds
  8 rats
72 creatures vanquished.

Vanquished Creatures (others)
  2 fungi (D:3)
  4 plants (D:3)
6 creatures vanquished.

Grand Total: 78 creatures vanquished

Notes
Turn   | Place    | Note
-------+----------+-------------------------------------------
     0 | D:1      | Elric the Draconian Berserker began the quest for the Orb.
     0 | D:1      | Reached XP level 1. HP: 19/19 MP: 1/1
   235 | D:1      | Reached XP level 2. HP: 21/26 MP: 2/2
   426 | D:1      | Reached skill level 4 in Maces & Flails
   446 | D:1      | Reached XP level 3. HP: 27/31 MP: 3/3
   447 | D:1      | Reached ** piety under Trog
   949 | D:2      | Reached XP level 4. HP: 32/38 MP: 4/4
  1019 | D:2      | Found a bloodstained altar of Trog.
  1155 | D:2      | Found Raoggue's Antique Armour Emporium.
  1600 | D:3      | Reached skill level 5 in Maces & Flails
  1823 | D:3      | Found a faded altar of an unknown god.
  2292 | D:4      | Noticed a scorpion
  2316 | D:4      | Killed a scorpion
  2317 | D:4      | Reached XP level 5. HP: 27/45 MP: 5/5
  2449 | D:4      | Reached skill level 6 in Maces & Flails
  3160 | D:4      | HP: 1/45 [poisoned by a scorpion]
  3161 | D:4      | Reached XP level 6. HP: 2/51 MP: 6/6
  3161 | D:4      | Succumbed to a scorpion's poison

Illustrated notes

Levels and vault maps discovered:
D:1:      dpeg_chamrin_arrival_tetris, layout_loops_ring, hex_large,
          minmay_vboxes
D:2:      layout_loops_ring, basic_altar, serial_shops, nicolae_shop_waterfront
D:3:      layout_basic, dreamdust_ecumenical_altar_grove
D:4:      layout_layer_cave, grunt_decor_cap

Skill      XL: |  1  2  3  4  5 |
---------------+----------------+-----
Maces & Flails | 4 5 6 |  6.9
Fighting       | |  3.3
Dodging        | |  2.7

Action                   |  1- 3 |  4- 6 || total
-------------------------+-------+-------++-------
Melee: Mace              |   142 |    29 ||   171
       Tailslap          |    12 |    13 ||    25
       Whip              |       |   115 ||   115
Throw: Stone             |     5 |       ||     5
Invok: Berserk           |       |     1 ||     1
  Use: Scroll            |     3 |     4 ||     7
       Potion            |       |     1 ||     1
 Stab: Sleeping          |     2 |       ||     2
Armor: Skin              |    63 |    47 ||   110
Dodge: Dodged            |   120 |    59 ||   179
Block: Kite shield       |       |    33 ||    33

Table legend: (Time is in decaauts)
 A = Elapsed time spent in this place.
 B = Non-inter-level travel time spent in this place.
 C = Inter-level travel time spent in this place.
 D = Time resting spent in this place.
 E = Time spent auto-exploring this place.
 F = Levels seen in this place.
 G = Mean time per level.
                   A        B        C        D        E       F      G
               +--------+--------+--------+--------+--------+-----+--------+
         Total |   3209 |   3112 |     97 |    252 |   2231 |   4 |  802.2 |
       Dungeon |   3209 |   3112 |     97 |    252 |   2231 |   4 |  802.2 |
               +--------+--------+--------+--------+--------+-----+--------+

Top non-repeatable levels by time:
     D:3: 994 daAuts
     D:2: 856 daAuts
     D:1: 742 daAuts
     D:4: 616 daAuts
